Description

Mech Game

Replay - kauP v SpeCial: Game 1 - Blackpink LE

Build Order

Get SALT Encoding   

  12  0:01  SCV  
  13  0:13  SCV  
  14  0:18  Supply Depot  
  14  0:25  SCV  
  15  0:39  SCV  
  15  0:40  Barracks  
  16  0:44  Refinery  
  16  0:52  SCV  
  17  1:04  SCV  
  18  1:16  SCV  
  19  1:29  Reaper, Orbital Command  
  20  1:42  Command Center  
  20  1:53  Supply Depot  
  20  1:55  SCV  
  21  2:01  Marine  
  21  2:08  Factory  
  22  2:11  SCV  
  23  2:19  Refinery  
  23  2:23  Barracks Reactor, SCV  
  26  3:02  Orbital Command  
  27  3:07  Cyclone  
  27  3:12  Cyclone  
  34  3:20  Command Center  
  34  3:30  Marine  
  34  3:46  Cyclone  
  38  3:54  Cyclone  
  40  4:00  Engineering Bay  
  41  4:14  Supply Depot  
  44  4:27  Missile Turret  
  45  4:32  Missile Turret  
  46  4:39  Orbital Command  
  48  4:54  Cyclone  
  51  5:02  Cyclone  
  57  5:18  Refinery x2  
  57  5:19  Supply Depot  
  57  5:27  Cyclone  
  62  5:33  Orbital Command  
  62  5:34  Cyclone  
  67  5:48  Barracks Reactor, Factory  
  68  5:51  Supply Depot  
  69  6:00  Armory  
  69  6:30  Starport  
  69  6:32  Factory Tech Lab  
  72  6:34  Factory  
  75  6:49  Hellion  
  75  6:51  Barracks Tech Lab  
  75  6:52  Siege Tank  
  81  6:57  Refinery x2  
  83  7:03  Terran Vehicle Weapons Level 1  
  83  7:07  Liberator x2  
  85  7:18  Hellion x2  
  98  7:33  Hellion  
  103  7:41  Siege Tank  
  103  7:42  Hellion x2  
  113  7:55  Factory, Hellion  
  117  8:03  Factory  
  117  8:05  Hellion x2  
  122  8:10  Viking x2  
  128  8:29  Siege Tank, Hellion  
  135  8:36  Command Center  
  134  8:45  Viking x2, Armory  
  134  8:46  Factory Tech Lab  
  134  8:47  Factory Reactor  
  142  9:00  Infernal Pre-Igniter  
  142  9:02  Siege Tank  
  138  9:21  Viking x2, Siege Tank  
  122  9:31  Siege Tank x2  
  122  9:36  Terran Vehicle And Ship Armor Level 1  
  133  9:49  Orbital Command  
  133  9:53  Siege Tank  
  133  9:55  Viking x2  
Spawning Tool Build Advisor. Get it on Overwolf

Go to:

Details

  • Created by: Mithriel
  • Published on: Feb 03, 2018
  • Modified on: Feb 03, 2018
  • Patch: 4.0.0
Show
View Real Time Build Order
Export as new Build Order

Comments (0)

There are no comments. Be the first!

Create an account to comment!